 Dungeon Crawl Stone Soup version 0.16.1-18-g436b03c (webtiles) character file.

663 Alarkh the Ruffian (level 7, -1/52 HPs)
             Began as a Red Draconian Transmuter on May 5, 2015.
             Slain by a shadow (19 damage)
             ... created by the darkness of Dithmenos
             ... on level 4 of the Dungeon.
             The game lasted 00:10:37 (3916 turns).

Alarkh the Ruffian (Red Draconian Transmuter)       Turns: 3916, Time: 00:10:37

Health: -1/52      AC:  2    Str: 12    XL:     7   Next: 31%
Magic:  14/15      EV: 19    Int: 16    God:
Gold:   160        SH:  0    Dex: 18    Spells: 3 memorised, 7 levels left

rFire  . . .     SeeInvis .       - Unarmed
rCold  . . .     Rnd*Rage +     (armour unavailable)
rNeg   . . .     SustAb   .     (shield currently unavailable)
rPois  x         Gourm    .     (helmet currently unavailable)
rElec  .         Spirit   .     (cloak currently unavailable)
rCorr  .         Warding  .     (gloves currently unavailable)
rMut   .         Stasis   .     (boots currently unavailable)
MR     .....                    (no amulet)
Stlth  ++........               (no ring)
                                (no ring)

@: spider-form (expiring), not resistant to hostile enchantments, unstealthy
A: (breathe fire), unfitting armour, (horns 0), agile 1, berserk 1, (fire
resistance 0), (cold-blooded), AC +6
a: End Transformation


You were on level 4 of the Dungeon.
You were not hungry.
You were a venomous arachnid creature.
You visited 1 branch of the dungeon, and saw 5 of its levels.

You collected 160 gold pieces.

Inventory:

Missiles
 b - 125 arrows
Armour
 u - a steam dragon hide
Magical devices
 l - a wand of random effects (17)
 v - a wand of fire (2)
Scrolls
 c - a scroll of remove curse {unknown}
 e - a scroll of teleportation
 f - a scroll of noise {unknown}
 g - a scroll of fog {unknown}
 j - a scroll of magic mapping {unknown}
 m - a scroll of fear {unknown}
 q - a scroll of recharging {unknown}
 s - 2 scrolls of enchant weapon {unknown}
 w - a scroll of immolation {unknown}
Potions
 o - 2 potions of curing
Books
 d - a book of Changes

   Spells                             Type                      Level
   a - Beastly Appendage              Transmutation                1
   b - Sticks to Snakes               Transmutation                2
   c - Spider Form                    Transmutation/Poison         3
   d - Ice Form                       Ice/Transmutation            4
   e - Blade Hands                    Transmutation                5
Comestibles
 a - 3 bread rations
 h - a chunk of flesh
 i - a meat ration
 n - 4 fruits
 r - a beef jerky


   Skills:
 - Level 1.1 Fighting
 - Level 1.7 Dodging
 * Level 6.8 Unarmed Combat
 + Level 3.9 Spellcasting
 - Level 4.0 Transmutations


You had 7 spell levels left.
You knew the following spells:

 Your Spells              Type           Power        Failure   Level  Hunger
a - Beastly Appendage     Trmt           ###...       14%         1    None
b - Sticks to Snakes      Trmt           ###.......   21%         2    ##.....
c - Spider Form           Trmt/Pois      #.........   50%         3    ###....


Dungeon Overview and Level Annotations

Branches:
Dungeon (5/15)
 Temple: D:4-7

Altars:
Ashenzari
Dithmenos
Nemelex Xobeh
Ru
Zin

Shops:
D:4 [

Annotations:
D:4 Narqulie's ghost, average KoBe


Innate Abilities, Weirdness & Mutations

((You can breathe blasts of fire.))
((Your fiery red scales are hard (AC +6).))
Your body does not fit into most forms of armour.
((Your flesh is heat resistant.))
((Your cold-blooded metabolism reacts poorly to cold.))
((You have a pair of small horns on your head.))
You are agile. (Dex +2)
You tend to lose your temper in combat.


Message History

Confirm with . or Enter, or press ? or * to list all spells.
You turn into a venomous arachnid creature.
The adder barely misses you.
The shadow strikes at you from the darkness!
Reactivating autopickup.
You bite the adder!
The adder is poisoned.
The adder is almost dead.
You kill the adder!
The shadow hits you!
Narqulie's ghost wails.
The shadow slips into darkness.
The shadow flickers and vanishes!
Deactivating autopickup; reactivate with Ctrl-A.
An adder comes into view.
A goblin comes into view.
The goblin shouts!
Narqulie's ghost screams, "Don't try to defend!
You have no chance!"
Your transformation is almost over.
The shadow strikes at you from the darkness!
You die...

#................####....##
#.................#.......#
#......................#...#
#.....................###..##
...................∩### #..###
...................######....#
..........................##
.........................#
.......g..Ss........###..##
#...............##### #...#
#..............># ##W.##
#............##..## #...#
.##....W..####...# ##...
###....## #...# #... #....#
#...########..# #....#
##...........## ...#....##
##............#


You could see Narqulie's ghost, an adder and a goblin.

Vanquished Creatures
  The ghost of lorenzova the Ruffian, an average TrMo (D:3)
  Sigmund (D:2)
  A scorpion (D:4)
  A crimson imp (D:5)
  2 hounds (D:4)
  A centaur skeleton (D:4)
  An orc wizard (D:4)
  A worker ant (D:4)
  Jessica (D:4)
  Robin (D:2)
  6 adders
  A giant mite (D:1)
  3 worms
  An adder skeleton (D:4)
  5 giant geckos
  14 orcs
  3 ball pythons
  2 giant cockroaches (D:2)
  12 goblins
  8 hobgoblins
  2 quokkas
  11 bats
  5 giant newts
  11 kobolds
  15 rats
110 creatures vanquished.

Notes
Turn   | Place    | Note
--------------------------------------------------------------
     0 | D:1      | Alarkh, the Draconian Transmuter, began the quest for the Orb.
     0 | D:1      | Reached XP level 1. HP: 16/16 MP: 3/3
   239 | D:1      | Reached XP level 2. HP: 17/23 MP: 2/4
   504 | D:1      | Found a shattered altar of Ashenzari.
   534 | D:1      | Reached skill level 4 in Unarmed Combat
   748 | D:1      | Reached XP level 3. HP: 28/28 MP: 4/6
   830 | D:2      | Noticed Robin
   894 | D:1      | Learned a level 2 spell: Sticks to Snakes
   898 | D:1      | Learned a level 3 spell: Spider Form
  1202 | D:2      | Killed Robin
  1292 | D:2      | Noticed Sigmund
  1367 | D:1      | Reached XP level 4. HP: 13/35 MP: 1/8
  1582 | D:2      | Killed Sigmund
  1582 | D:2      | Reached skill level 5 in Unarmed Combat
  1582 | D:2      | Reached XP level 5. HP: 6/40 MP: 6/9
  2265 | D:3      | Found a shadowy altar of Dithmenos.
  2324 | D:3      | Became a worshipper of Dithmenos the Shadowed
  2394 | D:3      | Found a sparkling altar of Nemelex Xobeh.
  2413 | D:3      | Noticed lorenzova's ghost (average TrMo)
  2748 | D:3      | Found a glowing silver altar of Zin.
  2844 | D:3      | Killed lorenzova's ghost
  2844 | D:3      | Reached XP level 6. HP: 39/47 MP: 13/13
  2981 | D:3      | Reached skill level 6 in Unarmed Combat
  3494 | D:4      | Your scales start taking on a fiery red colour.
  3494 | D:4      | Gained mutation: Your flesh is heat resistant. [draconian maturity]
  3494 | D:4      | Reached XP level 7. HP: 52/52 MP: 9/15
  3525 | D:4      | Noticed Jessica
  3527 | D:4      | Was placed under penance by Dithmenos
  3527 | D:4      | Killed Jessica
  3530 | D:4      | Noticed Narqulie's ghost (average KoBe)
  3554 | D:3      | Fell from the grace of Dithmenos
  3730 | D:4      | Found Weor's Antique Armour Shoppe.
  3773 | D:4      | Gained mutation: You are agile. (Dex +2) [potion of mutation]
  3773 | D:4      | Gained mutation: You have a pair of small horns on your head. [potion of mutation]
  3773 | D:4      | Gained mutation: You tend to lose your temper in combat. [potion of mutation]
  3787 | D:5      | Entered Level 5 of the Dungeon
  3839 | D:5      | Found a sacrificial altar of Ru.
  3871 | D:5      | Noticed a shadow demon
  3871 | D:5      | Noticed a shadow
  3871 | D:5      | Noticed a shadow
  3878 | D:5      | Noticed an orange demon
  3916 | D:4      | Slain by a shadow

Action                   |  1- 3 |  4- 6 |  7- 9 || total
-------------------------+-------+-------+-------++-------
Melee: Unarmed           |   110 |   181 |    58 ||   349
 Cast: Beastly Appendage |    15 |     2 |       ||    17
       Spider Form       |     5 |    17 |     1 ||    23
Invok: Renounce Religion |       |       |     1 ||     1
 Abil: Breathe Fire      |       |       |     1 ||     1
  Use: Potion            |     2 |     4 |     1 ||     7
       Scroll            |       |     1 |       ||     1
 Stab: Invisible         |       |     3 |       ||     3
  Eat: Chunk             |     2 |    10 |     2 ||    14
